[Event "Titled Tuesday Blitz August 16 Late 2022"]
[White "Lenderman, Aleksandr"]
[Black "Chigaev, Maksim"]
[WhiteFideId "2021285"]
[BlackFideId "4108116"]
[WhiteElo "2607"]
[BlackElo "2487"]
[Result "1/2-1/2"]
[Round "09"]
[TimeControl "180+1"]
[Date "2022.08.16"]
[WhiteClock "0:00:16"]
[BlackClock "0:00:08"]

1. d4 Nf6 2. c4 g6 3. Nc3 Bg7 4. e4 d6 5. Nf3 O-O 6. Be2 e5 7. O-O h6 8. Re1 Nbd7 9. Bf1 Nh7 10. Be3 Ng5 11. Nxg5 hxg5 12. Qd2 exd4 13. Bxd4 Ne5 14. Rad1 Be6 15. b3 g4 16. Qe3 b6 17. Nd5 Re8 18. Qg3 c6 19. Nf4 Bd7 20. Bc3 Qe7 21. Ba1 Rad8 22. Rd2 Bc8 23. Red1 Bb7 24. Nd3 Nxd3 25. Bxd3 Bxa1 26. Rxa1 Qe5 27. Rad1 Qxg3 28. hxg3 c5 29. f3 Kf8 30. Kf2 gxf3 31. gxf3 Ke7 32. Rh1 Rh8 33. Rdd1 Bc8 34. Ke3 Be6 35. Be2 a6 36. f4 Rb8 37. g4 Bd7 38. g5 b5 39. Rh6 Be6 40. Rxh8 Rxh8 41. cxb5 axb5 42. Bxb5 Rh3+ 43. Kd2 Rh2+ 44. Be2 c4 45. Rb1 Bg4 46. Re1 Be6 47. bxc4 Bxc4 48. a4 Kd7 49. Ke3 Bxe2 50. Rxe2 Rh3+ 51. Kd4 Ra3 52. Rb2 Rxa4+ 53. Kd5 Ra5+ 54. Kd4 Ke6 55. Rb7 Ra3 56. f5+ gxf5 57. exf5+ Kxf5 58. Rxf7+ Kxg5 59. Rf8 Ra5 60. Ke4 Kg6 61. Rd8 Re5+ 62. Kd4 Rf5 63. Rxd6+ Rf6 64. Rd5 Rf4+ 65. Ke3 Rf5 66. Rxf5 Kxf5 1/2-1/2


[Site "https://www.chess.com"]

[Event "Titled Tuesday Blitz August 16 Late 2022"]
[White "Levine, Joseph"]
[Black "Gomez Ledo, Roberto Carlos"]
[WhiteFideId "30940346"]
[BlackFideId "3507076"]
[WhiteElo "1810"]
[BlackElo "2379"]
[Result "0-1"]
[Round "09"]
[TimeControl "180+1"]
[Date "2022.08.16"]
[WhiteClock "0:01:35"]
[BlackClock "0:02:31"]

1. e4 d6 2. d4 Nf6 3. Nc3 e5 4. Nf3 Nbd7 5. Bc4 Be7 6. O-O O-O 7. h3 c6 8. a4 a5 9. Re1 exd4 10. Nxd4 Nc5 11. Bg5 Be6 12. Nxe6 fxe6 13. e5 Nd5 14. Bxe7 Qxe7 15. exd6 Qxd6 16. Ne4 Nxe4 17. Rxe4 Rf6 18. Qd2 Raf8 19. f3 Rg6 20. Rg4 Rxg4 21. hxg4 Qc5+ 0-1


[Site "https://www.chess.com"]

[Event "Titled Tuesday Blitz August 16 Late 2022"]
[White "Martic, Ivan"]
[Black "Zivkovic, Nemanja"]
[WhiteFideId "929301"]
[BlackFideId "942154"]
[WhiteElo "2355"]
[BlackElo "2372"]
[Result "0-1"]
[Round "09"]
[TimeControl "180+1"]
[Date "2022.08.16"]
[WhiteClock "0:00:14"]
[BlackClock "0:00:25"]

1. d4 Nf6 2. Nf3 e6 3. c4 a6 4. Nc3 d5 5. cxd5 exd5 6. Bf4 Be6 7. e3 c6 8. Bd3 Nbd7 9. O-O Be7 10. h3 O-O 11. a3 Re8 12. b4 b5 13. Qc2 Nb6 14. Ng5 h6 15. Nxe6 fxe6 16. Qe2 Bd6 17. Bxd6 Qxd6 18. f4 a5 19. Rab1 axb4 20. axb4 Ra3 21. Nd1 Nc4 22. g4 Rea8 23. Nf2 Ra2 24. Qf3 Nd2 25. Qg3 Nxb1 26. Bxb1 Re2 27. g5 hxg5 28. Qxg5 Ra3 29. Kh1 Raxe3 30. Rg1 Qe7 31. Qh4 Re1 32. Bh7+ Kf8 33. Bg6 Rxg1+ 34. Kxg1 Ng8 35. Qh5 Qf6 36. Ng4 Qxd4 37. Nxe3 Qxe3+ 38. Kg2 Qxf4 39. Bb1 Qd2+ 40. Kg3 Qc3+ 41. Kh2 Qb2+ 0-1


[Site "https://www.chess.com"]

[Event "Titled Tuesday Blitz August 16 Late 2022"]
[White "McBryde, Lamel"]
[Black "Sailer, Mike"]
[WhiteFideId "2058596"]
[BlackFideId "2012901"]
[WhiteElo "2136"]
[BlackElo "2109"]
[Result "1-0"]
[Round "09"]
[TimeControl "180+1"]
[Date "2022.08.18"]
[WhiteClock "0:00:00"]
[BlackClock "0:00:00"]

1. Nf3 d5 2. b3 Nf6 3. Bb2 Bf5 4. d4 e6 5. e3 Be7 6. Bd3 Bxd3 7. Qxd3 O-O 8. Nbd2 c5 9. Ne5 Nc6 10. a3 Nxe5 11. dxe5 Nd7 12. O-O a6 13. c4 dxc4 14. Nxc4 b5 15. Nd6 Nb6 16. Rfd1 Nd5 17. Rac1 Bxd6 18. exd6 Rc8 19. e4 Nb6 20. Qe3 Nd7 21. e5 Qh4 22. f4 Rc6 23. Qe4 Rfc8 24. Rd3 g6 25. Rh3 Qg4 26. Rhc3 h5 27. h3 Qf5 28. Qf3 h4 29. Qf2 Qh5 30. R3c2 c4 31. b4 Kg7 32. Bd4 Rh8 33. Kh2 Qf5 34. Rc3 Rh5 35. Be3 Rc8 36. Qf3 Rc6 37. Qxc6 g5 38. Qxd7 gxf4 39. Rf1 1-0


[Site "https://www.chess.com"]

[Event "Titled Tuesday Blitz August 16 Late 2022"]
[White "Melikhov, Evgeny V."]
[Black "Acosta Cruz, Oscar Yosimar"]
[WhiteFideId "4122046"]
[BlackFideId "5111269"]
[WhiteElo "1963"]
[BlackElo "2147"]
[Result "0-1"]
[Round "09"]
[TimeControl "180+1"]
[Date "2022.08.18"]
[WhiteClock "0:00:00"]
[BlackClock "0:00:00"]

1. d4 Nf6 2. c4 c5 3. d5 b5 4. cxb5 a6 5. b6 d6 6. Nc3 g6 7. a4 Qxb6 8. a5 Qc7 9. e4 Bg7 10. Nf3 O-O 11. Be2 Nbd7 12. O-O Rb8 13. Nd2 Rb4 14. Qc2 Qb8 15. Nc4 Ng4 16. Bxg4 Rxc4 17. Bd2 Rb4 18. Ra2 Ne5 19. Be2 Nc4 20. Bxc4 Rxc4 21. b3 Rb4 22. Na4 Rxb3 23. Nb6 Rxb6 24. axb6 Qxb6 25. Rb1 Qc7 26. Bc3 f5 27. Bxg7 Kxg7 28. Qc3+ Kg8 29. exf5 Bxf5 30. Rbb2 Ra8 31. Qa5 Qxa5 32. Rxa5 Be4 33. Rb6 Bxd5 34. Raxa6 Rxa6 35. Rxa6 Kf7 36. f3 Ke6 37. Kf2 Bc4 38. Ra7 Kf6 39. Ke3 h5 40. h4 Bf1 41. g4 Bc4 42. Kf4 Be2 43. Ra2 Bd1 44. Rd2 Bb3 45. g5+ Ke6 46. Re2+ Kd7 47. Ke3 Be6 48. f4 Bf5 49. Ra2 e6 50. Ra6 c4 51. Kd4 d5 52. Rb6 Kc7 53. Ra6 Kb7 54. Rd6 Kc7 55. Kc5 c3 56. Rc6+ Kd7 57. Kb6 c2 58. Rc7+ Kd8 59. Rc6 d4 60. Rd6+ Ke7 61. Rc6 d3 62. Rc7+ Kd8 63. Kb7 d2 64. Rc8+ Kd7 65. Rc7+ Kd6 66. Rc8 c1=Q 0-1


[Site "https://www.chess.com"]

[Event "Titled Tuesday Blitz August 16 Late 2022"]
[White "Melikyan, Gnel"]
[Black "Sokolovsky, Yahli"]
[WhiteFideId "54109990"]
[BlackFideId "2820242"]
[WhiteElo "1772"]
[BlackElo "1867"]
[Result "0-1"]
[Round "09"]
[TimeControl "180+1"]
[Date "2022.08.16"]
[WhiteClock "0:00:34"]
[BlackClock "0:00:08"]

1. e4 g6 2. d4 Bg7 3. Nc3 d6 4. Be3 a6 5. a4 b6 6. f3 Bb7 7. Bc4 e6 8. Bb3 Nf6 9. Nge2 d5 10. exd5 exd5 11. Qd2 O-O 12. Bh6 c5 13. Bxg7 Kxg7 14. O-O c4 15. Ba2 Bc6 16. Bb1 Nbd7 17. Nd1 Re8 18. c3 a5 19. Bc2 Nh5 20. Re1 Re6 21. Nf2 Qe7 22. Ng3 Nxg3 23. Rxe6 Qxe6 24. hxg3 Re8 25. Kf1 Nf6 26. Nh3 Nh5 27. Kf2 Qd7 28. Nf4 Nxf4 29. Qxf4 Qe7 30. Qd2 f5 31. b3 Qd7 32. bxc4 dxc4 33. Qf4 Qe7 34. Qd2 Qd7 35. Bd1 Re6 36. Qa2 Bd5 37. Be2 Qe7 38. Bxc4 Bxc4 39. Qxc4 Re3 40. Rd1 h5 41. d5 Qe5 42. Qd4 Qxd4 43. Rxd4 Rxc3 44. d6 Rc8 45. d7 Rd8 46. Rd6 Kf7 47. Ke3 g5 48. Rxb6 Rxd7 49. Rb5 Re7+ 50. Kf2 Kf6 51. Rxa5 Rc7 52. Ra6+ Ke5 53. Ra5+ Ke6 54. Rb5 Rc2+ 55. Kg1 Ra2 56. a5 h4 57. Kh2 Kf6 58. gxh4 gxh4 59. Kh3 Kg5 60. Rc5 Ra1 61. Rb5 Rh1# 0-1


[Site "https://www.chess.com"]

[Event "Titled Tuesday Blitz August 16 Late 2022"]
[White "Mickiewicz, Piotr"]
[Black "Barash, Anton"]
[WhiteFideId "1114891"]
[BlackFideId "30935229"]
[WhiteElo "2266"]
[BlackElo "2088"]
[Result "1-0"]
[Round "09"]
[TimeControl "180+1"]
[Date "2022.08.18"]
[WhiteClock "0:00:00"]
[BlackClock "0:00:00"]

1. d4 d5 2. c4 e6 3. Nf3 Nf6 4. g3 dxc4 5. Bg2 Nc6 6. O-O Rb8 7. e3 Be7 8. Nbd2 b5 9. a4 a6 10. Qe2 O-O 11. Rd1 Nb4 12. Ne5 Bb7 13. Ndf3 c5 14. dxc5 Qc7 15. axb5 axb5 16. Bd2 Nd3 17. Nxd3 cxd3 18. Qxd3 Qxc5 19. Bc3 Rfd8 20. Qe2 b4 21. Bd4 Qh5 22. Ra7 Ne4 23. Qc2 Bd6 24. Rxb7 Rxb7 25. Qxe4 Rc7 26. Bb6 Bxg3 27. Rxd8# 1-0


[Site "https://www.chess.com"]

[Event "Titled Tuesday Blitz August 16 Late 2022"]
[White "Miszler, Levente"]
[Black "Ambartsumova, Karina"]
[WhiteFideId "763276"]
[BlackFideId "4166299"]
[WhiteElo "1966"]
[BlackElo "2262"]
[Result "1-0"]
[Round "09"]
[TimeControl "180+1"]
[Date "2022.08.16"]
[WhiteClock "0:00:10"]
[BlackClock "0:00:06"]

1. Nf3 Nf6 2. c4 g6 3. g3 Bg7 4. Bg2 O-O 5. O-O d6 6. Nc3 e5 7. d3 Nc6 8. Rb1 a5 9. a3 h6 10. b4 axb4 11. axb4 Be6 12. b5 Ne7 13. Bb2 Qd7 14. Ra1 Bh3 15. Qb3 Bxg2 16. Kxg2 b6 17. Ra3 Rxa3 18. Qxa3 Nf5 19. Qa7 h5 20. Qb7 h4 21. Ra1 hxg3 22. hxg3 Qc8 23. Ra7 Qxb7 24. Rxb7 Rc8 25. Na2 Nd7 26. Nb4 Nc5 27. Ra7 Ne7 28. Nd2 f5 29. Na6 Ne6 30. Nb1 Kf7 31. Nc3 e4 32. Na4 Bxb2 33. Nxb2 exd3 34. Nxd3 Ke8 35. Ndb4 Kd8 36. Kf3 Nd4+ 37. Ke3 Ne6 38. Nd5 Nxd5+ 39. cxd5 Nc5 40. Kd4 Kd7 41. f3 g5 42. e4 fxe4 43. fxe4 Nb3+ 44. Kc3 Nc5 45. Nxc5+ bxc5 46. b6 Kd8 47. b7 Rb8 48. Ra8 1-0


[Site "https://www.chess.com"]

[Event "Titled Tuesday Blitz August 16 Late 2022"]
[White "Nakamura, Hikaru"]
[Black "Paravyan, David"]
[WhiteFideId "2016192"]
[BlackFideId "4194985"]
[WhiteElo "2850"]
[BlackElo "2569"]
[Result "1-0"]
[Round "09"]
[TimeControl "180+1"]
[Date "2022.08.16"]
[WhiteClock "0:00:18"]
[BlackClock "0:00:02"]

1. g3 Nf6 2. Bg2 e5 3. d3 d5 4. Nf3 Nc6 5. Bg5 Be6 6. Nc3 h6 7. Bxf6 Qxf6 8. e4 d4 9. Nd5 Qd8 10. O-O Be7 11. c3 dxc3 12. bxc3 O-O 13. Rb1 Rb8 14. Re1 Re8 15. Qa4 Bf8 16. Nd2 Ne7 17. Nxe7+ Rxe7 18. Qxa7 Rd7 19. Bf1 b6 20. Qa4 Ra8 21. Qc2 Rxa2 22. Rb2 Ra3 23. Nf3 Qf6 24. Bg2 Bc5 25. h3 Bxh3 26. Bxh3 Qxf3 27. Bxd7 Qxg3+ 28. Kf1 Qf3 29. Qd1 Qh1+ 30. Ke2 Qh2 31. Kd2 Qxf2+ 32. Qe2 Qf6 33. Rf1 Qd6 34. Bb5 Bd4 35. cxd4 Qxd4 36. Rfb1 c6 37. Bc4 Qc3+ 38. Kd1 b5 39. Rb3 Rxb3 40. Bxb3 c5 41. Bd5 Qd4 42. Qf3 Kh7 43. Qf5+ Kh8 44. Ke2 1-0


[Site "https://www.chess.com"]

[Event "Titled Tuesday Blitz August 16 Late 2022"]
[White "Oro, Luis"]
[Black "Leitao, Rafael"]
[WhiteFideId "104094"]
[BlackFideId "2101246"]
[WhiteElo "2255"]
[BlackElo "2609"]
[Result "1/2-1/2"]
[Round "09"]
[TimeControl "180+1"]
[Date "2022.08.18"]
[WhiteClock "0:00:00"]
[BlackClock "0:00:00"]

1. e4 c5 2. Nf3 d6 3. d4 cxd4 4. Nxd4 Nf6 5. Nc3 Nc6 6. f3 e5 7. Nb3 Be6 8. Be3 d5 9. exd5 Nxd5 10. Nxd5 Qxd5 11. Qxd5 Bxd5 12. O-O-O O-O-O 13. Bb5 a6 14. Be2 Be7 15. Bb6 Rd7 16. Nc5 Bxc5 17. Bxc5 Kc7 18. a3 Rhd8 19. Rd2 e4 20. f4 Be6 21. Rhd1 Rxd2 22. Rxd2 f5 23. b4 b5 24. Rxd8 Nxd8 25. Kd2 Nb7 26. Bf8 g6 27. Ke3 Nd6 28. Kd4 Nc4 29. Bxc4 Bxc4 30. Bc5 Kc6 31. g3 Ba2 32. c3 Bc4 33. Bf8 Kd7 34. Bc5 Ke6 35. Bb6 h6 36. Bc5 g5 37. Bb6 gxf4 38. gxf4 Kf6 39. Bd8+ Ke6 40. Bc7 Kd7 41. Be5 Kc6 42. h4 h5 43. Bf6 Kd6 44. Be5+ Kc6 45. Bg7 Kd6 46. Be5+ Kc6 1/2-1/2


[Site "https://www.chess.com"]

[Event "Titled Tuesday Blitz August 16 Late 2022"]
[White "Ozalp, Burak"]
[Black "Winterberg, Lukas"]
[WhiteFideId "6314210"]
[BlackFideId "24622702"]
[WhiteElo "1854"]
[BlackElo "2349"]
[Result "1-0"]
[Round "09"]
[TimeControl "180+1"]
[Date "2022.08.18"]
[WhiteClock "0:00:00"]
[BlackClock "0:00:00"]

1. e4 c6 2. Nc3 d5 3. Nf3 dxe4 4. Nxe4 Nf6 5. Qe2 Nxe4 6. Qxe4 Be6 7. d4 Nd7 8. Bd3 g6 9. Qh4 Bd5 10. c3 Bxf3 11. gxf3 Bg7 12. Bh6 Bxh6 13. Qxh6 Qa5 14. Bc4 Qf5 15. O-O-O O-O-O 16. Rhe1 e6 17. Qe3 Nf6 18. d5 Nxd5 19. Bxd5 cxd5 20. Qxa7 Qxf3 21. Rd4 Rhe8 22. a3 Re7 23. Kb1 Rc7 24. Qa8+ Kd7 25. Qa4+ Ke7 26. Qb4+ Ke8 27. Rf4 Qd3+ 28. Ka1 h5 29. Rf6 Qh3 30. Qb6 Rdd7 31. Qd4 Qg4 32. Qe3 Re7 33. Qd3 Kf8 34. Qe3 Kg7 35. Rf4 Qg5 36. Qf3 Kh6 37. Rb4 f5 38. Rb6 Qf6 39. h4 Rc6 40. Qf4+ Kg7 41. Rb4 e5 42. Qd2 d4 43. cxd4 exd4 44. Rxe7+ Qxe7 45. Qxd4+ Rf6 46. Rc4 Kf7 47. Rc3 Kf8 48. Rc8+ Kf7 49. Qc4+ Re6 50. Rc7 Kf6 51. Rxe7 Rxe7 52. f4 Re1+ 53. Ka2 Re7 54. Qc5 Kf7 55. Qd5+ Kf6 56. a4 Re6 57. b4 Re4 58. Kb3 Kg7 59. Qd7+ Kh6 60. Qxb7 Rxf4 61. a5 Rxh4 62. a6 Rh3+ 63. Kc4 Rh1 64. a7 Ra1 65. a8=Q Rxa8 66. Qxa8 h4 67. Kd4 Kh5 68. Ke3 g5 69. b5 Kg4 70. b6 f4+ 71. Ke2 h3 72. Qf3+ Kh4 73. b7 g4 74. Qxf4 h2 75. Qxh2+ Kg5 76. Qg3 Kf5 77. Qxg4+ Kxg4 78. b8=Q Kf5 79. Qe8 Kf6 80. Kd3 Kg5 81. Kd4 Kf6 82. Kd5 Kg5 83. Qf8 1-0


[Site "https://www.chess.com"]

[Event "Titled Tuesday Blitz August 16 Late 2022"]
[White "Pakleza, Zbigniew"]
[Black "Avila Pavas, Santiago"]
[WhiteFideId "1119290"]
[BlackFideId "4437128"]
[WhiteElo "2411"]
[BlackElo "2291"]
[Result "1-0"]
[Round "09"]
[TimeControl "180+1"]
[Date "2022.08.16"]
[WhiteClock "0:00:11"]
[BlackClock "0:00:30"]

1. d4 Nf6 2. Nf3 c5 3. c3 cxd4 4. cxd4 d5 5. Nc3 Nc6 6. Bf4 Bf5 7. Qb3 Na5 8. Qa4+ Bd7 9. Qc2 Rc8 10. e3 e6 11. Bd3 Nc4 12. O-O Qa5 13. Rfc1 Be7 14. Ne5 Nxe5 15. Bxe5 h6 16. Qb3 Qb4 17. Qxb4 Bxb4 18. Nb5 Ke7 19. Rxc8 Rxc8 20. Nxa7 Ra8 21. Nb5 Ne4 22. a3 Ra5 23. Bc7 Ra8 24. Rc1 Bd2 25. Rc2 Be1 26. f3 Nd2 27. Bd6+ Kf6 28. Bb4 Rc8 29. Rxc8 Bxc8 30. Nd6 Bd7 31. Nxb7 Bc6 32. Nc5 e5 33. dxe5+ Kxe5 34. Bc3+ Kd6 35. Na6 Bb7 36. Nb4 d4 37. exd4 g5 38. Nc2 Nxf3+ 39. gxf3 Bxc3 40. bxc3 Bxf3 41. Kf2 Bd5 42. c4 Ba8 43. c5+ Kd5 44. Ke3 f5 45. Nb4+ Ke6 46. d5+ Bxd5 47. Nxd5 Kxd5 48. Bxf5 Kxc5 49. Bc2 Kc4 50. a4 Kb4 51. Ke4 h5 52. Kf5 g4 53. Kg5 g3 54. hxg3 1-0


[Site "https://www.chess.com"]

[Event "Titled Tuesday Blitz August 16 Late 2022"]
[White "Petrovic, Aleksa"]
[Black "Begmuratov, Khumoyun"]
[WhiteFideId "967629"]
[BlackFideId "14210207"]
[WhiteElo "2262"]
[BlackElo "1978"]
[Result "0-1"]
[Round "09"]
[TimeControl "180+1"]
[Date "2022.08.16"]
[WhiteClock "0:00:07"]
[BlackClock "0:01:04"]

1. d4 Nf6 2. c4 g6 3. Nc3 Bg7 4. e4 d6 5. Be2 O-O 6. Nf3 a6 7. O-O Bg4 8. Be3 c6 9. e5 dxe5 10. Nxe5 Bxe2 11. Qxe2 Nbd7 12. Rad1 e6 13. Nd3 Re8 14. h3 b5 15. Qf3 bxc4 16. Nb4 Qb6 17. Nxc6 Qxb2 18. Bf4 Qa3 19. Rb1 Rac8 20. Rb7 Rxc6 21. Qxc6 Qxc3 22. Rxd7 Nxd7 23. Qxd7 Rf8 24. Rc1 Qxd4 25. Qxd4 Bxd4 26. Rxc4 e5 27. Bh6 Rb8 28. Kh2 Bxf2 29. Rc6 a5 30. Bg5 e4 31. Rc2 e3 32. Re2 Re8 33. g3 Kg7 34. Kg2 h6 35. Bf4 g5 36. Bc7 a4 37. Bb6 f5 38. Kf3 Kf6 39. Bd4+ Kg6 40. g4 fxg4+ 41. hxg4 Rf8+ 42. Kg2 Rf4 43. Bxe3 Bxe3 44. Rxe3 Rxg4+ 45. Kf3 Rf4+ 46. Kg3 h5 47. Re6+ Kf5 48. Ra6 h4+ 49. Kh3 Rf3+ 50. Kg2 Ra3 0-1


[Site "https://www.chess.com"]

[Event "Titled Tuesday Blitz August 16 Late 2022"]
[White "Pires, Marcos Vinicius Torsani"]
[Black "Kaganskiy, Gleb"]
[WhiteFideId "2118939"]
[BlackFideId "4132025"]
[WhiteElo "2273"]
[BlackElo "2165"]
[Result "0-1"]
[Round "09"]
[TimeControl "180+1"]
[Date "2022.08.18"]
[WhiteClock "0:00:00"]
[BlackClock "0:00:00"]

1. e4 d6 2. d4 Nf6 3. Nc3 e5 4. Nf3 Nbd7 5. Bc4 Be7 6. O-O O-O 7. Re1 c6 8. a4 a5 9. b3 exd4 10. Nxd4 d5 11. exd5 Bb4 12. Bd2 Bxc3 13. Bxc3 cxd5 14. Bd3 Nc5 15. Nf5 Nxd3 16. Qxd3 Bxf5 17. Qxf5 Ne4 18. Qg4 Nxc3 19. Re3 Ne4 20. Rh3 Qf6 21. Rf1 Qg6 22. Qd1 Rad8 23. Kh1 Rfe8 24. f3 Nc3 25. Qd2 Re2 0-1


[Site "https://www.chess.com"]

[Event "Titled Tuesday Blitz August 16 Late 2022"]
[White "Postnikov, Daniil"]
[Black "Maltsevskaya, Aleksandra"]
[WhiteFideId "4166329"]
[BlackFideId "24174041"]
[WhiteElo "2261"]
[BlackElo "2243"]
[Result "1-0"]
[Round "09"]
[TimeControl "180+1"]
[Date "2022.08.16"]
[WhiteClock "0:00:17"]
[BlackClock "0:00:02"]

1. e4 c5 2. a3 e6 3. b4 d5 4. Bb2 dxe4 5. g3 Nf6 6. Bg2 cxb4 7. axb4 Bxb4 8. Ne2 O-O 9. Nbc3 Nc6 10. Nxe4 Nxe4 11. Bxe4 e5 12. c3 Bc5 13. O-O Bh3 14. Re1 Bxf2+ 15. Kxf2 Qb6+ 16. d4 exd4 17. Bc1 Rfe8 18. Nf4 Rad8 19. Qh5 Rxe4 20. Rxe4 dxc3+ 21. Re3 Bc8 22. Ra4 g6 23. Qe2 Nd4 24. Re8+ Rxe8 25. Qxe8+ Kg7 26. Qe5+ f6 27. Qxd4 1-0


[Site "https://www.chess.com"]

[Event "Titled Tuesday Blitz August 16 Late 2022"]
[White "Prieto Aranguren, Alain"]
[Black "Mirimanian, Hayk"]
[WhiteFideId "2268906"]
[BlackFideId "4700180"]
[WhiteElo "2224"]
[BlackElo "2280"]
[Result "1-0"]
[Round "09"]
[TimeControl "180+1"]
[Date "2022.08.18"]
[WhiteClock "0:00:00"]
[BlackClock "0:00:00"]

1. d4 d5 2. c4 e6 3. Nc3 Nf6 4. cxd5 exd5 5. Bg5 Be7 6. e3 c6 7. Bd3 O-O 8. Nf3 Nbd7 9. O-O Re8 10. Qc2 Nf8 11. Rab1 Ne4 12. Bf4 Ng6 13. Bg3 h5 14. Nxe4 dxe4 15. Bxe4 h4 16. Bxg6 hxg3 17. fxg3 fxg6 18. Qxg6 Bf6 19. Rbd1 Rxe3 20. Ne5 Be6 21. Kh1 Qe8 22. Rxf6 Qxg6 23. Rxg6 Bxa2 24. Rf1 Re8 25. h4 c5 26. Ng4 Re1 27. Rxe1 Rxe1+ 28. Kh2 cxd4 29. h5 Kf7 30. Rd6 Rd1 31. Ne3 Rd2 32. Nf5 d3 33. g4 b5 34. Rd7+ Ke6 35. Rxg7 Ke5 36. Re7+ Kf4 37. h6 1-0


[Site "https://www.chess.com"]

[Event "Titled Tuesday Blitz August 16 Late 2022"]
[White "Prydun, Andriy"]
[Black "Leenhouts, Koen"]
[WhiteFideId "14145898"]
[BlackFideId "1008439"]
[WhiteElo "2163"]
[BlackElo "2409"]
[Result "1-0"]
[Round "09"]
[TimeControl "180+1"]
[Date "2022.08.16"]
[WhiteClock "0:00:43"]
[BlackClock "0:00:19"]

1. d4 d5 2. Nc3 Nf6 3. Bf4 g6 4. e3 Bg7 5. Nb5 Na6 6. Nc3 O-O 7. Bxa6 bxa6 8. Nf3 Bg4 9. O-O Rb8 10. Rb1 Ne4 11. Qd3 Bxf3 12. gxf3 Nxc3 13. bxc3 Rxb1 14. Rxb1 Qc8 15. c4 c6 16. Kg2 Re8 17. cxd5 cxd5 18. Rb8 Qc6 19. Qxa6 Qd7 20. Qxa7 Qc6 21. Qc7 Qa4 22. Qa5 Qd7 23. Qxd5 Qa4 24. Qb5 Qxb5 25. Rxb5 e5 26. Bxe5 Bxe5 27. Rxe5 Ra8 28. Rc5 Rxa2 29. Rc8+ Kg7 30. c4 Kf6 31. f4 Rc2 32. Kf3 h6 33. d5 Rc1 34. c5 h5 35. c6 Ke7 36. Rc7+ Kd6 37. Rd7+ Kc5 38. c7 Kb6 39. d6 1-0


[Site "https://www.chess.com"]

[Event "Titled Tuesday Blitz August 16 Late 2022"]
[White "Przybylski, Wojciech"]
[Black "Aldokhin, Ivan"]
[WhiteFideId "1117599"]
[BlackFideId "24115720"]
[WhiteElo "2133"]
[BlackElo "2246"]
[Result "0-1"]
[Round "09"]
[TimeControl "180+1"]
[Date "2022.08.16"]
[WhiteClock "0:00:01"]
[BlackClock "0:00:05"]

1. e4 c5 2. Nf3 e6 3. b3 b6 4. Bb2 Bb7 5. Nc3 d6 6. d4 cxd4 7. Nxd4 Nf6 8. Qe2 Be7 9. O-O-O O-O 10. g4 Nc6 11. Nf3 Rc8 12. Kb1 a6 13. g5 Nh5 14. Rg1 Qc7 15. Nd2 g6 16. Bh3 b5 17. Nf1 b4 18. Na4 Ne5 19. Rc1 Bc6 20. Qe3 Bxa4 21. bxa4 Nc4 22. Qb3 Nxb2 23. Qxb2 Nf4 24. Bg4 Bxg5 25. Bf3 Bh6 26. Rd1 Bg7 27. Qb3 Qa5 28. c4 bxc3 29. Kc2 Rb8 30. Qc4 Rb4 31. Qc6 Rb2+ 32. Kc1 Qb4 33. Ne3 Rxf2 34. Rg2 Qb2# 0-1


[Site "https://www.chess.com"]

[Event "Titled Tuesday Blitz August 16 Late 2022"]
[White "Putnam, Liam"]
[Black "Stanisz, Patryk"]
[WhiteFideId "30938279"]
[BlackFideId "1123106"]
[WhiteElo "2035"]
[BlackElo "1833"]
[Result "0-1"]
[Round "09"]
[TimeControl "180+1"]
[Date "2022.08.18"]
[WhiteClock "0:00:00"]
[BlackClock "0:00:00"]

1. d4 d5 2. Nc3 c6 3. e4 dxe4 4. Nxe4 Bf5 5. Ng3 Bg6 6. h4 h6 7. Nf3 Nd7 8. Bc4 e6 9. Qe2 Ngf6 10. Bd2 Bd6 11. O-O-O Qe7 12. Ne5 Bh7 13. Rhe1 O-O-O 14. Qf3 Nb6 15. Bb3 Rhf8 16. Ba5 Nfd5 17. c4 Bb4 18. Bxb4 Nxb4 19. a3 Na6 20. c5 Nd5 21. Nc4 Kb8 22. Nh5 Qxh4 23. Re5 Bf5 24. g3 Qg5+ 25. Nf4 f6 26. Rxd5 exd5 27. Nd6 Bg4 28. Qe3 Bxd1 29. Qe7 Nc7 30. Bxd1 f5 31. Qe3 Qf6 32. Qb3 Rxd6 33. Nh5 Qg5+ 34. f4 Qe7 35. cxd6 Qxd6 36. Nxg7 Rd8 37. Nxf5 Qe6 38. Ne3 Re8 39. Kd2 Qe4 40. Qd3 Qe7 41. Bf3 Nb5 42. a4 Nd6 43. g4 Qxe3+ 44. Qxe3 Nc4+ 0-1


[Site "https://www.chess.com"]

[Event "Titled Tuesday Blitz August 16 Late 2022"]
[White "Reprintsev, Alexander"]
[Black "Roman, Rodrigo"]
[WhiteFideId "14100541"]
[BlackFideId "3701220"]
[WhiteElo "2108"]
[BlackElo "2001"]
[Result "0-1"]
[Round "09"]
[TimeControl "180+1"]
[Date "2022.08.18"]
[WhiteClock "0:00:00"]
[BlackClock "0:00:00"]

1. e4 c5 2. b3 Nc6 3. Bb2 e5 4. f4 d6 5. Qf3 Be6 6. Bb5 f6 7. Ne2 Ne7 8. O-O a6 9. Bxc6+ Nxc6 10. c3 g6 11. d4 cxd4 12. cxd4 Qb6 13. Qf2 Bg4 14. fxe5 Bxe2 15. Qxe2 Nxd4 16. Qf2 dxe5 17. Nd2 Ne2+ 18. Kh1 Qxf2 19. Rxf2 Nf4 20. Rf3 Rd8 21. Nc4 Bg7 22. g3 Nd3 23. Ba3 f5 24. Nd6+ Rxd6 25. Bxd6 fxe4 26. Re3 Kd7 27. Ba3 Bh6 28. Re2 Ke6 29. Kg2 e3 30. Bc1 Nb4 31. a3 Nd5 32. Rc2 Rf8 33. Bb2 e4 34. Rd1 e2 35. Rxe2 Ne3+ 36. Rxe3 Bxe3 37. Bc3 Rf2+ 38. Kh3 Rc2 39. Bb4 Bc5 40. Ba5 b6 41. Be1 e3 42. b4 Be7 43. Rd3 Bg5 44. Kg4 Bh6 45. h4 Ke5 46. Kf3 Rc1 47. Bc3+ Ke6 48. Bd4 Rf1+ 49. Kg2 Re1 50. Kf3 Rf1+ 51. Ke2 Rf2+ 52. Ke1 Rf3 53. g4 g5 54. Bxe3 gxh4 0-1


[Site "https://www.chess.com"]

[Event "Titled Tuesday Blitz August 16 Late 2022"]
[White "Riehle, Marco"]
[Black "Rasulov, Vugar"]
[WhiteFideId "12904392"]
[BlackFideId "13402390"]
[WhiteElo "2462"]
[BlackElo "2509"]
[Result "0-1"]
[Round "09"]
[TimeControl "180+1"]
[Date "2022.08.16"]
[WhiteClock "0:01:18"]
[BlackClock "0:01:28"]

1. e4 e5 2. Nf3 Nc6 3. Bc4 Nf6 4. d4 exd4 5. e5 d5 6. Bb5 Nd7 7. O-O Be7 8. Re1 O-O 9. Bf4 Nc5 10. Bxc6 Ne6 11. Nxd4 Nxf4 12. Ba4 c5 13. Nf3 Bg4 14. c3 f6 15. exf6 Rxf6 16. Re3 Qf8 17. Nbd2 Bd6 18. Qe1 a6 19. Ne5 Bxe5 20. Rxe5 Nd3 21. Qe3 Nxe5 22. Qxe5 Rd8 23. f3 Bf5 24. Bb3 c4 25. Ba4 b5 26. Bd1 Re6 27. Qg3 Qc5+ 28. Kh1 Rde8 29. Ne4 dxe4 30. fxe4 Bxe4 31. Bf3 Bxf3 32. gxf3 Qe5 0-1


[Site "https://www.chess.com"]

[Event "Titled Tuesday Blitz August 16 Late 2022"]
[White "Romero Ruscalleda, Josep"]
[Black "Omariev, Maksim"]
[WhiteFideId "2231859"]
[BlackFideId "4193423"]
[WhiteElo "2193"]
[BlackElo "2304"]
[Result "0-1"]
[Round "09"]
[TimeControl "180+1"]
[Date "2022.08.18"]
[WhiteClock "0:00:00"]
[BlackClock "0:00:00"]

1. e4 c5 2. c3 Nf6 3. e5 Nd5 4. Nf3 Nc6 5. Bc4 Nb6 6. Bb3 c4 7. Bc2 g5 8. Nxg5 Nxe5 9. Qe2 Bg7 10. f4 Ng6 11. O-O d5 12. d4 cxd3 13. Bxd3 Qd6 14. Na3 a6 15. Nc2 Bd7 16. Be3 h6 17. Nh3 Bxh3 18. gxh3 O-O-O 19. Nd4 e6 20. Rae1 Bf6 21. f5 Ne5 22. fxe6 Nxd3 23. Qxd3 Be5 24. Nf5 Qxe6 25. Kh1 f6 26. a4 Nc4 27. Bd4 Nxb2 28. Qc2 Nc4 29. Ng7 Qxh3 30. Bxe5 fxe5 31. Rf7 Rhf8 32. Ref1 Qxf1+ 33. Rxf1 Rxf1+ 34. Kg2 Ne3+ 35. Kh3 Nxc2 0-1


[Site "https://www.chess.com"]

[Event "Titled Tuesday Blitz August 16 Late 2022"]
[White "Rose, Felix"]
[Black "Thiel, Thomas"]
[WhiteFideId "5105722"]
[BlackFideId "4615964"]
[WhiteElo "2039"]
[BlackElo "2230"]
[Result "1-0"]
[Round "09"]
[TimeControl "180+1"]
[Date "2022.08.18"]
[WhiteClock "0:00:00"]
[BlackClock "0:00:00"]

1. e4 d5 2. exd5 Nf6 3. d4 Nxd5 4. Nf3 g6 5. c4 Nb6 6. h3 Bg7 7. Nc3 O-O 8. Be3 Nc6 9. Qd2 e5 10. d5 Ne7 11. g4 f5 12. Bh6 fxg4 13. Bxg7 Rxf3 14. Bxe5 gxh3 15. O-O-O Qf8 16. c5 Rxf2 17. Qe3 Rf3 18. Qd2 Nd7 19. Bxc7 Nxc5 20. d6 Nc6 21. Qd5+ Ne6 22. d7 Bxd7 23. Qxd7 Nxc7 24. Qxc7 Rc8 25. Qxb7 Na5 26. Qd5+ 1-0


[Site "https://www.chess.com"]